 Dungeon Crawl Stone Soup version 0.18-a0-1639-g7533f42 (webtiles) character file.

63 dohliylev the Stinger (level 4, -3/24 HPs)
             Began as a Gargoyle Venom Mage on Mar 27, 2016.
             Killed by nerve-wracking pain
             ... invoked by a shadow imp
              (4 damage)
             ... on level 3 of the Dungeon.
             The game lasted 00:09:12 (1855 turns).

dohliylev the Stinger (Gargoyle Venom Mage)         Turns: 1855, Time: 00:09:12

Health: -3/24      AC:  5    Str: 11    XL:     4   Next: 9%
Magic:  1/7        EV: 12    Int: 17    God:
Gold:   100        SH:  0    Dex: 10    Spells: 2 memorised, 3 levels left

rFire  . . .     SeeInvis .     (no weapon)
rCold  . . .     Gourm    .     a - +0 robe
rNeg   + . .     Faith    .     (no shield)
rPois  ∞         Spirit   .     (no helmet)
rElec  +         Dismiss  .     (no cloak)
rCorr  .         Reflect  .     (no gloves)
SustAt .         Harm     .     (no boots)
MR     .....                    (no amulet)
Stlth  ++........               (no ring)
                                (no ring)

@: not resistant to hostile enchantments, unstealthy
A: negative energy resistance 1, electricity resistance, unbreathing,
petrification resistance, rot immunity, AC +3
a: no special abilities


You were on level 3 of the Dungeon.
You were hungry.

You visited 1 branch of the dungeon, and saw 3 of its levels.

You collected 100 gold pieces.

Inventory:

Armour
 a - a +0 robe (worn)
 f - a +0 cloak
Jewellery
 d - a +2 ring of protection {unknown}
Scrolls
 e - 2 scrolls of random uselessness {unknown}
 h - a scroll of enchant weapon {unknown}
 i - a scroll of fog {unknown}
Potions
 j - 2 potions of heal wounds {unknown}
 m - a potion of might {unknown}
Books
 b - a Young Poisoner's Handbook

   Spells                             Type                      Level
   a - Sting                          Conjuration/Poison           1
   b - Cure Poison                    Poison                       2
   c - Mephitic Cloud                 Conjuration/Poison/Air       3
   d - Olgreb's Toxic Radiance        Poison                       4
   e - Venom Bolt                     Conjuration/Poison           5
 k - a book of Enchantments

   Spells                             Type                      Level
   a - Cause Fear                     Hexes                        4
   b - Yara's Violent Unravelling     Hexes/Transmutation          5
   c - Silence                        Hexes/Air                    5
   d - Deflect Missiles               Charms/Air                   6
   e - Haste                          Charms                       6
   f - Discord                        Hexes                        8
Comestibles
 c - a bread ration
 g - a slice of pizza


   Skills:
 - Level 1.5 Dodging
 - Level 2.1 Stealth
 - Level 0.2 Unarmed Combat
 + Level 2.2 Spellcasting
 + Level 0.7 Conjurations
 + Level 0.1 Air Magic
 + Level 5.2 Poison Magic


You had 3 spell levels left.
You knew the following spells:

 Your Spells              Type           Power        Failure   Level  Hunger
a - Sting                 Conj/Pois      ##..         6%          1    #......
b - Mephitic Cloud        Conj/Pois/Air  #.......     24%         3    ###....


Dungeon Overview and Level Annotations

Branches:
Dungeon (3/15)

Altars:
Ashenzari
Cheibriados
Pakellas
Qazlal
Trog
The Shining One


Innate Abilities, Weirdness & Mutations

You are resistant to torment.
Your stone body is resilient (AC +3).
You are immune to poison.
You resist negative energy.
You are resistant to electric shocks.
You can survive without breathing.
You are immune to petrification.
You are immune to rotting.


Message History

The shadow imp is lightly wounded.
The shadow imp hits you but does no damage.
You hit the shadow imp but do no damage.
The shadow imp is lightly wounded.
The shadow imp closely misses you.
You barely miss the shadow imp.
The shadow imp is lightly wounded.
The shadow imp hits you but does no damage.
You hit the shadow imp but do no damage.
The shadow imp is lightly wounded.
The shadow imp misses you.
You barely miss the shadow imp.
The shadow imp is lightly wounded.
The shadow imp hits you.
* * * LOW HITPOINT WARNING * * *
You hit the shadow imp but do no damage.
The shadow imp is lightly wounded.
The shadow imp gestures at you. Pain shoots through your body!
You die...

. #..........# ..
##.........# #.#
#.........# #.#
###.........#
.####.####.....##.####
...........##.###.###
..##.....####.......#
..........# #.....(.#
.#........# #..5@...#
##.......# ##......#
##.....## #.[....#
##.....## #......#
#.......# #......#


#O.oowo.# ######## #....o..# ##...o5## ##...## You could see a shadow imp.

Vanquished Creatures
  An adder (D:2)
  A worm (D:2)
  A dart slug (D:1)
  2 giant geckos
  5 bats
  2 giant cockroaches
  6 goblins
  9 hobgoblins
  3 jackals (D:2)
  A quokka (D:2)
  A giant newt (D:1)
  6 kobolds
  7 rats
45 creatures vanquished.

Notes
Turn   | Place    | Note
--------------------------------------------------------------
     0 | D:1      | dohliylev the Gargoyle Venom Mage began the quest for the Orb.
     0 | D:1      | Reached XP level 1. HP: 10/10 MP: 3/3
   140 | D:1      | Reached XP level 2. HP: 15/15 MP: 0/5
   545 | D:1      | Reached XP level 3. HP: 19/19 MP: 0/6
   846 | D:2      | Learned a level 3 spell: Mephitic Cloud
   871 | D:2      | Found a glowing golden altar of the Shining One.
  1134 | D:2      | Found a stormy altar of Qazlal.
  1227 | D:2      | Reached skill level 5 in Poison Magic
  1444 | D:2      | Reached XP level 4. HP: 16/24 MP: 5/7
  1526 | D:2      | Found a bloodstained altar of Trog.
  1527 | D:2      | Found a shattered altar of Ashenzari.
  1529 | D:2      | Found an oddly glowing altar of Pakellas.
  1530 | D:2      | Found a snail-covered altar of Cheibriados.
  1727 | D:3      | Noticed an ogre
  1854 | D:3      | HP: 1/24 [shadow imp (2)]
  1855 | D:3      | Killed from afar by a shadow imp

Vault maps used:
D:1:      dpeg_arrival_rooms_with_view, minmay_curled_crystal
D:2:      lemuel_doored_altar, lemuel_crystal_altar, minitemple
D:3:      uniq_crazy_yiuf_cottage

Skill      XL: |  1  2  3 |
---------------+----------+-----
Poison Magic   | 5 |  5.2
Dodging        | |  1.5
Stealth        | |  2.1
Unarmed Combat | |  0.2
Spellcasting   | |  2.2
Conjurations   | |  0.7
Air Magic      | |  0.1

Action                   |  1- 3 |  4- 6 || total
-------------------------+-------+-------++-------
Melee: Unarmed           |    51 |    10 ||    61
 Cast: Sting             |    63 |    13 ||    76
       Mephitic Cloud    |     1 |     2 ||     3
  Eat: Chunk             |     3 |     1 ||     4
